Map: [TLMC19] Crimson King

Players

LiquidClem (Clem) - Winner!

  • Race: Terran Terran
  • League: Master
  • Spawn Location: 1:00

YouTubeMan (uThermal)

  • Race: Protoss Protoss
  • Spawn Location: 7:00

VOD

Have the link to the VOD?

Description

Time

  • Played on: Dec. 21, 2023, 11:14 a.m.
  • Length: 9:12
Show
View Real Time Build Order
Export as new Build Order

LiquidClem Terran - Winner!

Build Orders: Reaper Expand 

Get SALT Encoding   

  12  0:00  SCV  
  13  0:13  SCV  
  14  0:17  Supply Depot  
  14  0:25  SCV  
  15  0:38  SCV  
  15  0:39  Barracks  
  16  0:45  Refinery  
  16  0:50  SCV  
  17  1:02  SCV  
  18  1:15  SCV  
  19  1:27  Orbital Command, Reaper  
  20  1:38  Command Center  
  20  1:46  Supply Depot  
  20  1:53  SCV  
  21  1:59  Marine  
  22  2:05  SCV  
  22  2:07  Factory  
  23  2:15  Bunker  
  23  2:17  SCV  
  23  2:18  Marine  
  23  2:22  Refinery  
  25  2:29  SCV  
  26  2:38  Barracks Reactor  
  26  2:41  SCV  
  27  2:50  Orbital Command  
  27  2:53  SCV, Hellion  
  27  2:57  Starport  
  31  3:05  SCV  
  31  3:10  Supply Depot  
  31  3:14  Marine x2  
  31  3:16  SCV  
  31  3:17  SCV  
  31  3:18  Widow Mine  
  37  3:28  SCV  
  37  3:29  SCV  
  37  3:31  Marine  
  37  3:32  Marine  
  41  3:36  Medivac  
  41  3:40  SCV  
  44  3:42  SCV  
  44  3:43  Widow Mine  
  46  3:52  SCV, Marine x2, Barracks  
  46  3:53  Supply Depot  
  46  3:54  SCV  
  48  4:04  SCV, Factory Tech Lab  
  48  4:06  SCV  
  48  4:07  Starport Tech Lab  
  50  4:10  Marine x2  
  50  4:15  Barracks  
  50  4:16  SCV  
  53  4:18  SCV  
  53  4:19  Supply Depot  
  53  4:24  Siege Tank  
  57  4:26  Raven  
  57  4:28  SCV  
  57  4:30  SCV  
  61  4:32  Refinery  
  61  4:35  Supply Depot  
  61  4:36  Marine  
  62  4:40  Marine  
  62  4:41  SCV  
  62  4:42  SCV  
  65  4:47  Engineering Bay  
  65  4:51  Refinery  
  65  4:53  Supply Depot, SCV  
  65  4:54  SCV  
  65  4:58  Siege Tank  
  69  5:01  Supply Depot  
  69  5:05  SCV  
  69  5:06  Marine x2  
  72  5:08  Marine  
  72  5:12  SCV  
  72  5:13  Supply Depot  
  74  5:15  Stimpack  
  74  5:17  SCV  
  74  5:18  Marauder  
  77  5:23  Marine  
  77  5:24  Marine  
  77  5:27  Supply Depot  
  79  5:33  Terran Infantry Weapons Level 1  
  79  5:36  Supply Depot, Factory Reactor  
  79  5:37  Starport Reactor  
  79  5:40  Combat Shield, Marauder  
  79  5:41  SCV, Marine x2  
  82  5:44  SCV  
  82  5:49  Marauder  
  82  5:53  SCV  
  82  5:56  SCV  
  82  5:59  Marine  
  79  6:05  Marine, Marauder  
  79  6:06  SCV  
  79  6:08  SCV  
  85  6:11  Marauder  
  85  6:12  Supply Depot  
  85  6:18  SCV  
  86  6:20  SCV  
  84  6:27  Marauder  
  84  6:30  SCV, Marine x2  
  84  6:32  SCV  
  74  6:34  Marauder  
  68  6:42  SCV  
  68  6:44  SCV  
  70  6:47  Marine  
  70  6:48  Marauder, Medivac  
  70  6:50  Supply Depot  
  75  6:54  SCV  
  75  6:55  Marine  
  75  6:56  SCV  
  78  7:01  Medivac  
  78  7:05  Supply Depot  
  78  7:06  SCV  
  78  7:07  Marine  
  82  7:09  SCV, Marauder  
  82  7:13  Marine  
  82  7:15  Refinery  
  82  7:17  Widow Mine x2  
  82  7:18  SCV  
  82  7:21  SCV  
  85  7:23  Marauder  
  85  7:27  Supply Depot  
  87  7:30  SCV  
  87  7:33  SCV, Marine  
  87  7:35  Marauder  
  92  7:39  Marine  
  92  7:42  SCV, Widow Mine x2  
  98  7:45  SCV, Marauder  
  98  7:48  Supply Depot  
  101  7:53  Marine  
  101  7:54  SCV  
  101  7:57  SCV, Marauder  
  106  8:01  Supply Depot  
  106  8:06  Marauder  
  106  8:07  SCV, Command Center  
  106  8:11  Marine x2  
  111  8:13  Supply Depot  
  111  8:17  SCV  
  111  8:18  Marauder  
  111  8:20  SCV  
  111  8:27  Marine  
  111  8:30  SCV, Marine, Widow Mine  
  111  8:31  Marine, Widow Mine  
  111  8:32  SCV  
  120  8:39  Marine  
  120  8:42  SCV  
  120  8:44  SCV  
  120  8:45  Marauder  
  120  8:51  Marine x2  
Show
View Real Time Build Order
Export as new Build Order

YouTubeMan Protoss 

Build Orders: 1 Gate Expand, Blink Stalkers 

Get SALT Encoding   

  12  0:00  Probe  
  13  0:12  Probe  
  14  0:17  Pylon  
  14  0:24  Probe  
  15  0:37  Probe (Chrono Boost)  
  15  0:38  Gateway  
  16  0:47  Assimilator  
  16  0:48  Probe (Chrono Boost)  
  17  0:52  Probe (Chrono Boost)  
  18  1:03  Probe  
  19  1:15  Probe  
  20  1:26  Cybernetics Core  
  21  1:37  Nexus  
  20  1:42  Pylon  
  20  1:44  Probe  
  21  1:50  Assimilator  
  21  1:56  Probe  
  21  1:59  Adept (Chrono Boost)  
  21  2:00  Warp Gate (Chrono Boost)  
  22  2:08  Probe  
  25  2:20  Probe  
  25  2:22  Adept  
  28  2:29  Twilight Council  
  28  2:32  Probe  
  29  2:44  Probe  
  30  2:52  Adept, Probe  
  30  2:56  Probe  
  34  2:59  Gateway  
  34  3:03  Blink (Chrono Boost)  
  34  3:11  Probe  
  34  3:12  Probe  
  36  3:18  Robotics Facility  
  36  3:23  Probe  
  36  3:25  Probe  
  38  3:35  Pylon  
  38  3:36  Probe  
  38  3:37  Probe  
  40  3:48  Probe  
  40  3:50  Probe  
  40  3:55  Stalker  
  43  3:56  Gateway  
  43  3:58  Gateway  
  43  4:00  Probe  
  42  4:03  Stalker  
  42  4:06  Probe  
  46  4:10  Observer (Chrono Boost)  
  46  4:12  Probe  
  47  4:18  Pylon  
  47  4:21  Warp Prism (Chrono Boost)  
  49  4:24  Probe  
  49  4:29  Stalker  
  52  4:34  Stalker  
  52  4:37  Probe  
  52  4:38  Probe  
  56  4:48  Pylon  
  56  4:56  Stalker x3  
  62  5:04  Pylon  
  62  5:06  Probe x2  
  64  5:09  Assimilator  
  64  5:12  Stalker  
  66  5:19  Stalker  
  66  5:20  Stalker  
  70  5:22  Probe  
  70  5:23  Probe  
  70  5:24  Pylon  
  72  5:34  Probe  
  73  5:44  Stalker x4  
  73  5:45  Probe, Pylon  
  73  5:48  Probe  
  71  5:57  Observer, Probe  
  71  6:00  Probe  
  71  6:09  Probe  
  72  6:12  Stalker x2  
  72  6:13  Stalker x2  
  72  6:14  Probe  
  81  6:21  Probe  
  81  6:26  Probe  
  72  6:34  Probe  
  72  6:39  Probe  
  61  6:42  Stalker x2  
  61  6:43  Stalker x2  
  66  6:51  Probe  
  66  7:04  Nexus  
  66  7:05  Probe  
  67  7:14  Probe  
  66  7:18  Probe  
  65  7:23  Stalker x3  
  65  7:24  Charge (Chrono Boost)  
  71  7:32  Probe  
  71  7:35  Stalker  
  74  7:42  Observer (Chrono Boost)  
  75  7:46  Gateway  
  75  7:47  Gateway  
  75  7:50  Gateway, Stalker  
  77  7:57  Gateway  
  77  7:59  Immortal (Chrono Boost)  
  82  8:05  Probe x2  
  82  8:12  Pylon  
  83  8:16  Zealot x2  
  87  8:21  Zealot x2  
  91  8:39  Zealot  
  91  8:44  Zealot x5  
  84  8:54  Zealot  
  76  9:01  Zealot  
Tags
 
Add a new tag
Caveats
  • Supply blocks, unpowered buildings, or Contaminate may cause inaccurate times.
  • Supply counts are checked every 10 seconds.